[Event "December 19 Early 2023"]
[Site "https://www.chess.com"]
[Date "2023.12.19"]
[Round "4"]
[White "Vasli, Aref"]
[Black "Namitbir Singh Walia"]
[Result "1-0"]
[Board "222"]
[TimeControl "180+1"]
[WhiteFideId "417521"]
[BlackFideId "35071068"]
[WhiteElo "2274"]
[BlackElo "2239"]
[WhiteTeam "IRI"]
[BlackTeam "IND"]
[WhiteClock "0:00:26"]
[BlackClock "0:00:13"]

1. e4 c5 2. Nf3 g6 3. d3 Bg7 4. g3 e6 5. Bg2 Ne7 6. O-O O-O 7. h4 d5 8. h5 Nbc6 9. c3 b6 10. Re1 Ba6 11. e5 d4 12. c4 Qc7 13. Bf4 Bb7 14. Nbd2 h6 15. g4 g5 16. Bg3 Kh8 17. Ne4 Ng8 18. Qe2 Nxe5 19. Nexg5 Nxf3+ 20. Nxf3 Qe7 21. Ne5 Rae8 22. Be4 Bxe4 23. Qxe4 Nf6 24. Qc6 Rc8 25. Qf3 Nh7 26. Kg2 Ng5 27. Qe2 Kg8 28. Bh4 Qb7+ 29. Nf3 f5 30. Bxg5 fxg4 31. Qxe6+ Kh8 32. Qxg4 hxg5 33. h6 Bxh6 34. Rh1 Kg7 35. Rxh6 Kxh6 36. Qxg5+ Kh7 37. Rh1# 1-0

[Event "December 19 Early 2023"]
[Site "https://www.chess.com"]
[Date "2023.12.19"]
[Round "4"]
[White "Marchesich, Giovanni"]
[Black "Von Buelow, Georg"]
[Result "0-1"]
[Board "223"]
[TimeControl "180+1"]
[WhiteFideId "2824790"]
[BlackFideId "4620658"]
[WhiteElo "2198"]
[BlackElo "2213"]
[WhiteTeam "ITA"]
[BlackTeam "GER"]
[WhiteClock "0:00:32"]
[BlackClock "0:01:34"]

1. e4 c5 2. Nf3 d6 3. d4 cxd4 4. Nxd4 Nf6 5. Nc3 a6 6. Bc4 e6 7. Bb3 Be7 8. g4 O-O 9. g5 Nfd7 10. Rg1 Ne5 11. Qh5 g6 12. Qe2 Nbc6 13. Be3 Bd7 14. f4 Nxd4 15. Bxd4 Nc6 16. Be3 b5 17. O-O-O b4 18. Na4 Rb8 19. Rg3 Na5 20. Rh3 Re8 21. Qf2 Nxb3+ 22. axb3 Bxa4 23. bxa4 b3 24. c3 Qa5 25. Bd4 e5 26. fxe5 dxe5 27. Rf1 Rf8 28. Rxh7 Kxh7 29. Qh4+ Kg8 30. Rf3 exd4 0-1

[Event "December 19 Early 2023"]
[Site "https://www.chess.com"]
[Date "2023.12.19"]
[Round "4"]
[White "Palmer, Reegan"]
[Black "Bach Ngoc Thuy Duong"]
[Result "1-0"]
[Board "224"]
[TimeControl "180+1"]
[WhiteFideId "14322145"]
[BlackFideId "12408956"]
[WhiteElo "1814"]
[BlackElo "1970"]
[WhiteTeam "RSA"]
[BlackTeam "VIE"]
[WhiteClock "0:00:34"]
[BlackClock "0:00:29"]

1. e4 c5 2. Nf3 d6 3. Bb5+ Nc6 4. a4 Bd7 5. O-O Nf6 6. d3 e6 7. c3 Be7 8. Qe2 a6 9. Bxc6 Bxc6 10. Nbd2 O-O 11. a5 d5 12. e5 Nd7 13. d4 Bb5 14. Qe3 Bxf1 15. Nxf1 Rc8 16. Ng3 Re8 17. Bd2 Nf8 18. dxc5 Bxc5 19. Qf4 Ng6 20. Qg4 f5 21. exf6 Qxf6 22. Bg5 Qf7 23. h4 e5 24. h5 Nf8 25. Rf1 e4 26. Ne5 Qe6 27. Nf5 Qxe5 28. Nh6+ Kh8 29. Nf7+ Kg8 30. Nxe5 1-0

[Event "December 19 Early 2023"]
[Site "https://www.chess.com"]
[Date "2023.12.19"]
[Round "4"]
[White "Kuchava, Ana"]
[Black "Mouhamad, Joachim"]
[Result "0-1"]
[Board "225"]
[TimeControl "180+1"]
[WhiteFideId "13605348"]
[BlackFideId "656410"]
[WhiteElo "1950"]
[BlackElo "2125"]
[WhiteTeam "GEO"]
[BlackTeam "FRA"]
[WhiteClock "0:00:00"]
[BlackClock "0:00:28"]

1. d4 d5 2. Nf3 Nf6 3. c4 dxc4 4. e3 e6 5. Bxc4 c5 6. O-O a6 7. a4 Nc6 8. Nc3 Be7 9. Qd3 cxd4 10. exd4 Nb4 11. Qe2 O-O 12. Bg5 Bd7 13. Ne5 Bc6 14. Rad1 Rc8 15. Nxf7 Rxf7 16. Bxe6 Be8 17. Rfe1 Rc7 18. d5 Bd6 19. Ne4 Kh8 20. Bxf7 Bxf7 21. Nxd6 Qxd6 22. g3 Nbxd5 23. Bf4 Nxf4 24. Rxd6 Nxe2+ 25. Rxe2 h6 26. h4 Bd5 27. Rd8+ Kh7 28. Kf1 Rc1+ 29. Re1 Bc4+ 0-1

[Event "December 19 Early 2023"]
[Site "https://www.chess.com"]
[Date "2023.12.19"]
[Round "4"]
[White "Wael Sabry, Mina"]
[Black "Vila Dupla, Aurelio"]
[Result "1-0"]
[Board "226"]
[TimeControl "180+1"]
[WhiteFideId "10670173"]
[BlackFideId "2203383"]
[WhiteElo "1861"]
[BlackElo "2009"]
[WhiteTeam "EGY"]
[BlackTeam "ESP"]
[WhiteClock "0:01:44"]
[BlackClock "0:00:01"]

1. Nf3 Nf6 2. g3 g6 3. Bg2 Bg7 4. O-O O-O 5. d4 d5 6. c4 c6 7. cxd5 cxd5 8. Nc3 Ne4 9. Ng5 Nxc3 10. bxc3 Nc6 11. e4 dxe4 12. Nxe4 e5 13. Ba3 exd4 14. Bxf8 Qxf8 15. cxd4 Nxd4 16. Rb1 Rb8 17. Qa4 a6 18. Rbd1 Ne2+ 19. Kh1 Bf5 20. Qc4 Bxe4 21. Bxe4 Nc3 22. Rd7 b5 23. Qd3 Nxe4 24. Qxe4 Qa3 25. Rfd1 h6 26. R1d3 Qc1+ 27. Kg2 Qc5 28. R3d5 Qa3 29. Qf3 Qxa2 30. Qxf7+ 1-0

[Event "December 19 Early 2023"]
[Site "https://www.chess.com"]
[Date "2023.12.19"]
[Round "4"]
[White "Igel2023"]
[Black "Can, Melih Kaan"]
[Result "1/2-1/2"]
[Board "227"]
[TimeControl "180+1"]
[BlackFideId "6317383"]
[WhiteElo "2205"]
[BlackElo "2022"]
[BlackTeam "TUR"]
[WhiteClock "0:00:14"]
[BlackClock "0:00:16"]

1. e4 c5 2. Nf3 a6 3. g3 Nf6 4. e5 Nd5 5. Bg2 e6 6. O-O Nc6 7. Re1 Be7 8. d4 cxd4 9. Nxd4 Qb6 10. Nb3 Nc7 11. Qg4 O-O 12. Bh6 Ne8 13. Nc3 Kh8 14. Be3 Nxe5 15. Qxg7+ Nxg7 16. Bxb6 Nc4 17. Na4 d5 18. Bd4 Bd7 19. Nb6 Nxb6 20. Bxb6 Rac8 21. c3 Bf6 22. Bd4 Bxd4 23. Nxd4 Rc4 24. f4 Rfc8 25. g4 b5 26. a3 a5 27. Bf1 R4c5 28. Nb3 Rc4 29. Bxc4 Rxc4 30. Nd4 Ne8 31. f5 Nf6 32. fxe6 fxe6 33. Nxe6 Rxg4+ 34. Kh1 Ne4 35. Rxe4 dxe4 36. Nd4 Bc8 37. Rg1 Rxg1+ 38. Kxg1 Bd7 39. Kf2 Kg7 40. Ke3 Kf6 41. Kxe4 Kg5 42. b3 Kg4 43. c4 bxc4 44. bxc4 Kh4 45. c5 Kh3 46. c6 Bc8 47. Nf3 h5 48. Kf4 Kg2 49. Nh4+ Kxh2 50. Kg5 Kh3 51. Kxh5 a4 52. Kg5 Kg3 53. Nf5+ Kf3 54. Nd6 Bh3 55. c7 Ke3 56. c8=Q Bxc8 57. Nxc8 Kd3 58. Nb6 Kc3 59. Nxa4+ Kb3 60. Nc5+ Kxa3 1/2-1/2

[Event "December 19 Early 2023"]
[Site "https://www.chess.com"]
[Date "2023.12.19"]
[Round "4"]
[White "Polak, Kinga"]
[Black "Szyszylo, Rafal"]
[Result "0-1"]
[Board "228"]
[TimeControl "180+1"]
[WhiteFideId "1134680"]
[BlackFideId "1109626"]
[WhiteElo "2075"]
[BlackElo "1951"]
[WhiteTeam "POL"]
[BlackTeam "POL"]
[WhiteClock "0:00:21"]
[BlackClock "0:01:34"]

1. e4 d6 2. d4 Nf6 3. Nc3 g6 4. f3 c6 5. Be3 Nbd7 6. Qd2 b5 7. g4 Nb6 8. h4 h5 9. g5 Nfd7 10. d5 c5 11. Bxb5 Bg7 12. Nge2 O-O 13. Kf2 Ne5 14. b3 a6 15. Bd3 c4 16. bxc4 Nbxc4 17. Bxc4 Nxc4 18. Qd3 Nxe3 19. Qxe3 Qc7 20. Kg2 Bd7 21. Rab1 Rfc8 22. Rb3 Qa5 23. Rhb1 Rc7 24. Rb8+ Rxb8 25. Rxb8+ Kh7 26. Rb3 Bb5 27. Nxb5 axb5 28. Nc3 Rxc3 0-1

[Event "December 19 Early 2023"]
[Site "https://www.chess.com"]
[Date "2023.12.19"]
[Round "4"]
[White "Martin Barcelo, Carles"]
[Black "Petersson, Kjell"]
[Result "1-0"]
[Board "229"]
[TimeControl "180+1"]
[WhiteFideId "24561444"]
[BlackFideId "1705148"]
[WhiteElo "2135"]
[BlackElo "1994"]
[WhiteTeam "ESP"]
[BlackTeam "SWE"]
[WhiteClock "0:00:23"]
[BlackClock "0:00:12"]

1. d4 f5 2. Nc3 Nf6 3. Bg5 d5 4. e3 e6 5. Bd3 c6 6. Nf3 Bd6 7. Ne2 O-O 8. O-O h6 9. Bf4 Bxf4 10. exf4 Nbd7 11. Re1 Ne4 12. Ne5 Nxe5 13. fxe5 Ng5 14. Nf4 Bd7 15. Ng6 Rf7 16. h4 Nh7 17. Be2 Be8 18. Bh5 Rc7 19. g3 Nf8 20. Nf4 g5 21. hxg5 hxg5 22. Nh3 g4 23. Nf4 Rh7 24. Bxe8 Qxe8 25. Kg2 Rc8 26. Rh1 Rcc7 27. Qd2 Ng6 28. Nh5 Rxh5 29. Rxh5 Nf4+ 30. Qxf4 Qxh5 31. Rh1 Qg6 32. Rh6 Qg7 33. Rxe6 Rf7 34. Re8+ Rf8 35. Rxf8+ Qxf8 36. Qg5+ Kh8 37. Qh5+ Kg8 38. Qg6+ Kh8 39. f3 gxf3+ 40. Kxf3 c5 41. Qf6+ Qxf6 42. exf6 cxd4 43. Kf4 Kg8 44. Kxf5 Kf7 45. g4 b5 46. g5 a5 47. g6+ Kf8 48. f7 Kg7 49. Ke6 d3 50. cxd3 d4 51. Ke7 b4 52. f8=Q+ 1-0

[Event "December 19 Early 2023"]
[Site "https://www.chess.com"]
[Date "2023.12.19"]
[Round "4"]
[White "Saim, Mohamed Ilias"]
[Black "Dilmukhametov, Artur"]
[Result "1-0"]
[Board "230"]
[TimeControl "180+1"]
[WhiteFideId "7900465"]
[BlackFideId "24179922"]
[WhiteElo "2063"]
[BlackElo "2176"]
[WhiteTeam "ALG"]
[BlackTeam "RUS"]
[WhiteClock "0:00:43"]
[BlackClock "0:00:00"]

1. d4 Nf6 2. c4 g6 3. Nf3 d5 4. cxd5 Nxd5 5. e4 Nb6 6. h3 Bg7 7. Nc3 O-O 8. a4 Nc6 9. a5 Nd7 10. Be2 e5 11. d5 Nd4 12. O-O h6 13. Be3 Nxe2+ 14. Qxe2 Re8 15. Qc4 Nf6 16. Nb5 c6 17. dxc6 bxc6 18. Nxa7 Be6 19. Qxc6 Qb8 20. Qb6 Nxe4 21. Qxb8 Rexb8 22. Nc6 Rxb2 23. Ncxe5 Rb5 24. Bd4 Raxa5 25. Rxa5 1-0

[Event "December 19 Early 2023"]
[Site "https://www.chess.com"]
[Date "2023.12.19"]
[Round "4"]
[White "Recuero Guerra, Javier"]
[Black "Donatti, Alvaro"]
[Result "1-0"]
[Board "231"]
[TimeControl "180+1"]
[WhiteFideId "2254085"]
[BlackFideId "3000303"]
[WhiteElo "2208"]
[BlackElo "2138"]
[WhiteTeam "ESP"]
[BlackTeam "URU"]
[WhiteClock "0:00:02"]
[BlackClock "0:00:00"]

1. e4 c5 2. Nf3 e6 3. c3 Nc6 4. d4 cxd4 5. cxd4 d5 6. exd5 exd5 7. Nc3 Nf6 8. h3 Bd6 9. Bd3 O-O 10. O-O h6 11. Re1 a6 12. a3 Re8 13. Rxe8+ Qxe8 14. Qc2 Be6 15. Bd2 Rc8 16. Re1 Qd7 17. Ne5 Qc7 18. Nxc6 Qxc6 19. Qc1 Bb8 20. Bxh6 Qd6 21. Qg5 Ne8 22. f4 Qd8 23. Qg3 Qf6 24. Bg5 Qxd4+ 25. Kh1 Nd6 26. h4 Nf5 27. Bxf5 Bxf5 28. h5 Bd6 29. h6 g6 30. Ne2 1-0

[Event "December 19 Early 2023"]
[Site "https://www.chess.com"]
[Date "2023.12.19"]
[Round "4"]
[White "Ghosh, Chanchal Kumer"]
[Black "Ernst, Luca"]
[Result "0-1"]
[Board "232"]
[TimeControl "180+1"]
[WhiteFideId "10201858"]
[BlackFideId "45117055"]
[WhiteElo "2067"]
[BlackElo "1973"]
[WhiteTeam "BAN"]
[BlackTeam "FRA"]
[WhiteClock "0:00:00"]
[BlackClock "0:00:41"]

1. e4 e5 2. Nf3 Nc6 3. Bc4 Nf6 4. Ng5 d5 5. exd5 Na5 6. Bb5+ c6 7. dxc6 bxc6 8. Qf3 cxb5 9. Qxa8 Qc7 10. Qf3 Nc6 11. c3 Bg4 12. Qg3 Bd6 13. Ne4 Bf5 14. Nxf6+ gxf6 15. Qg7 Rf8 16. Qxf6 Bd3 17. b4 Nxb4 18. Na3 Nd5 19. Qf3 e4 20. Qf5 Be5 21. Bb2 b4 22. cxb4 Bxb2 23. Qxd5 Bxa1 0-1

[Event "December 19 Early 2023"]
[Site "https://www.chess.com"]
[Date "2023.12.19"]
[Round "4"]
[White "Umarov, Sabir"]
[Black "Nikulina, Alena"]
[Result "1-0"]
[Board "233"]
[TimeControl "180+1"]
[WhiteFideId "14200538"]
[BlackFideId "4172051"]
[WhiteElo "2298"]
[BlackElo "1627"]
[WhiteTeam "UZB"]
[BlackTeam "RUS"]
[WhiteClock "0:00:07"]
[BlackClock "0:00:07"]

1. e4 c5 2. Nf3 e6 3. Nc3 Nc6 4. Bb5 Nd4 5. a4 a6 6. Bd3 Nc6 7. O-O Nf6 8. e5 Nd5 9. Re1 Be7 10. Be4 Nxc3 11. dxc3 Qc7 12. Bf4 O-O 13. c4 f5 14. exf6 Qxf4 15. fxe7 Nxe7 16. Qd3 h6 17. a5 Nf5 18. g3 Qc7 19. c3 Rb8 20. b4 b6 21. axb6 Qxb6 22. Reb1 cxb4 23. cxb4 Qc7 24. c5 Bb7 25. Bxb7 Qxb7 26. Ne5 Rbd8 27. Qxa6 Qc7 28. Re1 Nd4 29. Qd3 Nf5 30. Nc4 Qc6 31. Ne5 Qb7 32. b5 Ne7 33. Qd4 Nd5 34. c6 dxc6 35. bxc6 Qc7 36. Rac1 Rf6 37. Ng4 Rg6 38. Ne5 Rf6 39. Nd7 Rxd7 40. cxd7 Qxd7 41. Qe4 Qf7 42. Rc8+ Qf8 43. Rxf8+ Kxf8 44. Qc4 Kf7 45. Kg2 Kg6 46. Qc2+ Kf7 47. Qa2 Kg6 48. f4 Kf7 49. h4 Ne7 50. Qa7 g6 51. Rd1 Ke8 52. Rd7 Rf7 53. Qc7 Kf8 54. Qd8+ Kg7 55. Rxe7 Rxe7 56. Qxe7+ Kg8 57. Qxe6+ Kg7 58. g4 Kh7 59. h5 gxh5 60. gxh5 Kg7 61. Qg6+ Kh8 62. Qxh6+ Kg8 63. Qg5+ Kf7 64. h6 Kf8 65. h7 Kf7 66. h8=Q Ke6 67. Qhf6+ Kd7 68. Qgg7+ 1-0

[Event "December 19 Early 2023"]
[Site "https://www.chess.com"]
[Date "2023.12.19"]
[Round "4"]
[White "Tilahun , Abel Mathewos"]
[Black "Rushbrooke, Remy"]
[Result "0-1"]
[Board "234"]
[TimeControl "180+1"]
[WhiteFideId "15702391"]
[BlackFideId "443590"]
[WhiteElo "1917"]
[BlackElo "1942"]
[WhiteTeam "ETH"]
[BlackTeam "ENG"]
[WhiteClock "0:00:00"]
[BlackClock "0:00:11"]

1. d4 f5 2. c4 Nf6 3. Nc3 e6 4. Nf3 Be7 5. g3 O-O 6. Bg2 d6 7. O-O Qe8 8. h3 Nc6 9. d5 Ne5 10. dxe6 c6 11. Ng5 h6 12. Nf7 Nxf7 13. exf7+ Qxf7 14. b3 Be6 15. Ba3 Rad8 16. Qc2 d5 17. Bxe7 Qxe7 18. cxd5 Nxd5 19. Rad1 Nxc3 20. Qxc3 f4 21. Qe5 fxg3 22. fxg3 Rxd1 23. Rxd1 Qf6 24. Qe3 Kh8 25. Rf1 Bf5 26. g4 Qg6 27. gxf5 Qh5 28. Qf3 Qg5 29. Qf4 Qf6 30. Qg4 Qe5 31. Kh1 Qe3 32. Be4 Re8 33. Bf3 Qc5 34. Rg1 Qe5 35. Rg2 Rf8 36. Rg1 Re8 37. Qg6 Re7 38. f6 Qxf6 39. Qxf6 gxf6 40. Rd1 Kg7 41. Kg2 a5 42. Kf2 f5 43. Rd6 f4 44. Bh5 Kh7 45. Bg6+ Kg7 46. Bh5 Kh7 47. Bf3 Kg7 48. Bg4 Re3 49. Rd7+ Kf6 50. Rxb7 a4 51. bxa4 Ra3 52. Bf3 Rxa4 53. Rb6 Rxa2 54. Rxc6+ Kg5 55. Rc5+ Kf6 0-1

[Event "December 19 Early 2023"]
[Site "https://www.chess.com"]
[Date "2023.12.19"]
[Round "4"]
[White "Lesbekova, Assel"]
[Black "Navyblue1"]
[Result "0-1"]
[Board "235"]
[TimeControl "180+1"]
[WhiteFideId "13713248"]
[WhiteElo "1861"]
[BlackElo "2034"]
[WhiteTeam "KGZ"]
[WhiteClock "0:01:59"]
[BlackClock "0:00:27"]

1. e4 c5 2. Nf3 d6 3. d4 cxd4 4. Qxd4 a6 5. Be2 Nc6 6. Qe3 Nf6 7. O-O g6 8. h3 Bg7 9. Rd1 Qc7 10. Nc3 O-O 11. Rb1 b5 12. Qf4 Bb7 13. Nd5 Nxd5 14. exd5 Ne5 15. c3 Rad8 16. Nxe5 dxe5 17. Qh4 Rxd5 18. Be3 Rfd8 19. Rxd5 Bxd5 20. Rd1 Bxa2 21. Rxd8+ Qxd8 22. Bh6 Bf6 23. Bg5 Bd5 24. Bxf6 exf6 25. Qb4 Kg7 26. Qc5 Qd7 27. Qb6 Qc6 28. Qxc6 Bxc6 29. Kf1 f5 30. c4 bxc4 31. Bxc4 Bb5 32. Bxb5 axb5 33. Ke2 Kf6 34. Kd3 Ke6 35. Kc3 Kd5 36. Kb4 Kc6 37. Ka5 Kc5 38. b3 f4 0-1

[Event "December 19 Early 2023"]
[Site "https://www.chess.com"]
[Date "2023.12.19"]
[Round "4"]
[White "Kohler, Aran"]
[Black "Floresvillar Gonzalez, Luis Migu"]
[Result "1-0"]
[Board "236"]
[TimeControl "180+1"]
[WhiteFideId "1002856"]
[BlackFideId "5100542"]
[WhiteElo "2279"]
[BlackElo "2040"]
[WhiteTeam "NED"]
[BlackTeam "MEX"]
[WhiteClock "0:00:53"]
[BlackClock "0:00:00"]

1. e4 c6 2. d4 d5 3. e5 c5 4. dxc5 Nc6 5. Nf3 Bg4 6. Bb5 Qa5+ 7. Nc3 e6 8. O-O Bxc5 9. h3 Bxf3 10. Qxf3 Ne7 11. a3 O-O 12. Bd3 Nxe5 13. Qg3 Nxd3 14. Qxd3 a6 15. Bg5 Qc7 16. b4 Ba7 17. Ne2 Rac8 18. Rac1 h6 19. Bxe7 Qxe7 20. c4 Rfd8 21. c5 Bb8 22. Rfe1 Qc7 23. g3 Qe7 24. f4 Qf6 25. Nd4 a5 26. Nf3 axb4 27. axb4 Ba7 28. Kg2 b6 29. c6 Qb2+ 30. Rc2 Qxb4 31. c7 Rd7 32. Rec1 Qd6 33. Qc3 Rdxc7 34. Qxc7 Rxc7 35. Rxc7 Bb8 36. Rc8+ Kh7 37. Ne5 f6 38. Rh8+ Kxh8 39. Nf7+ Kh7 40. Nxd6 Bxd6 41. Rc6 Bc5 42. Rxe6 Kg6 43. g4 h5 44. f5+ Kg5 45. Kg3 hxg4 46. hxg4 g6 47. fxg6 Kxg6 48. Kf4 d4 49. g5 1-0

[Event "December 19 Early 2023"]
[Site "https://www.chess.com"]
[Date "2023.12.19"]
[Round "4"]
[White "Bogumil, Tatiana"]
[Black "Player, Edmund C"]
[Result "0-1"]
[Board "237"]
[TimeControl "180+1"]
[WhiteFideId "4110579"]
[BlackFideId "406520"]
[WhiteElo "1853"]
[BlackElo "2015"]
[WhiteTeam "RUS"]
[BlackTeam "ENG"]
[WhiteClock "0:02:07"]
[BlackClock "0:01:45"]

1. Nf3 Nf6 2. c4 c6 3. b3 d5 4. Bb2 Bg4 5. Ne5 Bf5 6. g3 Nbd7 7. Nf3 h6 8. Bg2 e6 9. O-O Be7 10. d3 O-O 11. Nbd2 Re8 12. Re1 Bh7 13. a3 Qc7 14. b4 e5 15. e4 dxe4 16. dxe4 a5 17. c5 Bg6 18. Nh4 Bh5 19. Nf5 Bxd1 0-1

[Event "December 19 Early 2023"]
[Site "https://www.chess.com"]
[Date "2023.12.19"]
[Round "4"]
[White "Rodriguez Santiago, Jaime"]
[Black "Egorov, Konstantin"]
[Result "1-0"]
[Board "238"]
[TimeControl "180+1"]
[WhiteFideId "3100898"]
[BlackFideId "24154369"]
[WhiteElo "2025"]
[BlackElo "1878"]
[WhiteTeam "PUR"]
[BlackTeam "RUS"]
[WhiteClock "0:00:26"]
[BlackClock "0:00:00"]

1. d4 Nf6 2. c4 e6 3. Nf3 b6 4. Nc3 Bb7 5. g3 Bb4 6. Bd2 O-O 7. Bg2 Bxc3 8. Bxc3 Ne4 9. Qc2 f5 10. O-O d6 11. b4 Nd7 12. Bb2 c5 13. dxc5 bxc5 14. b5 Ndf6 15. h3 Qc7 16. a4 d5 17. Be5 Qe7 18. a5 Rad8 19. a6 Ba8 20. cxd5 exd5 21. Rfb1 d4 22. b6 axb6 23. Rxb6 Nd7 24. Qb3+ Kh8 25. Bc7 Rc8 26. Bf4 Nxb6 27. Qxb6 Rc6 28. Qb5 Nc3 29. Qc4 Nxe2+ 30. Kh2 Nxf4 31. gxf4 Rg6 32. Ng5 Bxg2 33. Kxg2 h6 34. a7 Qb7+ 35. Kh2 hxg5 36. Qxc5 Ra8 37. Qxf5 Ra6 38. Rb1 Rb6 39. Re1 Rb2 40. fxg5 Qc7+ 41. Kg1 Qd6 42. g6 Rb5 43. Qxb5 Qxg6+ 44. Kh1 Qf5 45. Qb8+ Kh7 46. Qxa8 Qxh3+ 47. Kg1 Qg4+ 48. Qg2 Qxg2+ 49. Kxg2 1-0

[Event "December 19 Early 2023"]
[Site "https://www.chess.com"]
[Date "2023.12.19"]
[Round "4"]
[White "Bushonica"]
[Black "Himanshu, Sharma"]
[Result "0-1"]
[Board "239"]
[TimeControl "180+1"]
[BlackFideId "5007836"]
[WhiteElo "1927"]
[BlackElo "2307"]
[BlackTeam "IND"]
[WhiteClock "0:00:04"]
[BlackClock "0:01:34"]

1. e4 Nf6 2. e5 Nd5 3. d4 d6 4. exd6 cxd6 5. Bd3 g6 6. c3 Bg7 7. Nf3 O-O 8. O-O Nc6 9. Be3 e5 10. Bc4 Nxe3 11. fxe3 d5 12. Bb3 e4 13. Ne1 Na5 14. Bc2 Qg5 15. Qe2 Bg4 16. Qf2 Bh6 17. Nd2 Qxe3 18. Nb3 Nc4 19. Kh1 Qxf2 20. Rxf2 Be3 21. Rf1 Kg7 22. Nc5 Be2 23. Rg1 Bxg1 24. Kxg1 b6 25. Nd7 Rfd8 26. Ne5 Nxe5 27. dxe5 Re8 28. b3 Rxe5 29. c4 dxc4 30. bxc4 Bxc4 31. Kf2 Rd8 32. Ke3 f5 33. g3 Bf7 34. Ng2 Rc5 35. Bb3 Rc3+ 36. Kf4 Kf6 37. h4 Rf3# 0-1

[Event "December 19 Early 2023"]
[Site "https://www.chess.com"]
[Date "2023.12.19"]
[Round "4"]
[White "Fernandez Hernandez, Gerardo"]
[Black "SulfatoFerroso"]
[Result "1-0"]
[Board "240"]
[TimeControl "180+1"]
[WhiteFideId "2207400"]
[WhiteElo "2255"]
[BlackElo "1911"]
[WhiteTeam "ESP"]
[WhiteClock "0:00:45"]
[BlackClock "0:00:00"]

1. e4 c5 2. d3 e6 3. g3 Nc6 4. Bg2 d6 5. f4 Be7 6. Nf3 Nf6 7. O-O Nd4 8. c3 Nxf3+ 9. Qxf3 Bd7 10. Be3 Bc6 11. f5 Qb6 12. fxe6 fxe6 13. Qe2 O-O-O 14. Na3 h5 15. Nc4 Qc7 16. Bg5 Rdf8 17. d4 d5 18. exd5 exd5 19. Qe6+ Qd7 20. Qxd7+ Bxd7 21. Ne5 Bd6 22. Ng6 Ne4 23. Rxf8+ Rxf8 24. Nxf8 Bxf8 25. Be3 c4 26. Rf1 Bd6 27. Rf7 Bg4 28. Rxg7 a6 29. Bxe4 dxe4 30. Kf2 1-0

[Event "December 19 Early 2023"]
[Site "https://www.chess.com"]
[Date "2023.12.19"]
[Round "4"]
[White "SujanaLohani"]
[Black "Vargas, Mauricio"]
[Result "0-1"]
[Board "241"]
[TimeControl "180+1"]
[BlackFideId "4404572"]
[WhiteElo "2018"]
[BlackElo "1982"]
[BlackTeam "COL"]
[WhiteClock "0:01:17"]
[BlackClock "0:01:44"]

1. d4 d5 2. c4 e6 3. Nc3 c6 4. cxd5 exd5 5. Nf3 Bd6 6. a3 h6 7. Be3 Nf6 8. Qd2 Bf5 9. h4 Qc7 10. O-O-O Ng4 11. g3 O-O 12. Bh3 h5 13. Bxg4 hxg4 14. Ng5 f6 15. f3 fxg5 16. fxg4 Bxg4 17. hxg5 Bxg3 18. Rdg1 Bf5 19. Rg2 Bg6 20. Bg1 Rf1+ 21. Nd1 Qf4 22. Be3 Qf5 23. Rxf1 Qb1# 0-1

[Event "December 19 Early 2023"]
[Site "https://www.chess.com"]
[Date "2023.12.19"]
[Round "5"]
[White "Carlsen, Magnus"]
[Black "Baskakov, Egor"]
[Result "1-0"]
[Board "1"]
[TimeControl "180+1"]
[WhiteFideId "1503014"]
[BlackFideId "24197866"]
[WhiteElo "2887"]
[BlackElo "2225"]
[WhiteTeam "NOR"]
[BlackTeam "RUS"]
[WhiteClock "0:01:44"]
[BlackClock "0:01:39"]

1. c4 Nf6 2. Nc3 e6 3. Nf3 d5 4. d4 Ne4 5. Qc2 f5 6. Bf4 c6 7. e3 Be7 8. Bd3 O-O 9. O-O Bd7 10. Ne5 Be8 11. f3 Nf6 12. Ne2 Nbd7 13. Qb3 Qb6 14. c5 Qxb3 15. axb3 Nxe5 16. Bxe5 Nd7 17. Bg3 a6 18. b4 Rc8 19. Nc1 g5 20. Nb3 Bg6 21. Bd6 Bxd6 22. cxd6 Rf7 23. Nc5 Nf8 24. Rfc1 Rd8 25. d7 Rb8 26. Nxb7 Nxd7 27. Bxa6 1-0

[Event "December 19 Early 2023"]
[Site "https://www.chess.com"]
[Date "2023.12.19"]
[Round "5"]
[White "Niemann, Hans Moke"]
[Black "Rasulov, Vugar"]
[Result "0-1"]
[Board "2"]
[TimeControl "180+1"]
[WhiteFideId "2093596"]
[BlackFideId "13402390"]
[WhiteElo "2614"]
[BlackElo "2517"]
[WhiteTeam "USA"]
[BlackTeam "AZE"]
[WhiteClock "0:00:00"]
[BlackClock "0:00:12"]

1. e4 e5 2. Nf3 Nc6 3. Bb5 g6 4. O-O Bg7 5. c3 a6 6. Ba4 d6 7. d4 Bd7 8. Re1 Nf6 9. h3 O-O 10. Bc2 h6 11. Nbd2 Nh5 12. Nf1 Qf6 13. Ne3 exd4 14. Nd5 Qd8 15. cxd4 Re8 16. Be3 Nf6 17. Nc3 b5 18. a3 a5 19. Nxb5 Nxe4 20. Bxh6 Bxh6 21. Bxe4 Rb8 22. Qd3 Bg7 23. Rac1 Nb4 24. axb4 Bxb5 25. Qb3 a4 26. Qc2 d5 27. Bd3 Bxd3 28. Qxd3 Rxe1+ 29. Rxe1 Rxb4 30. Qa6 Bf6 31. Rd1 Kg7 32. Rd2 Qb8 33. g3 Rxb2 34. Rxb2 Qxb2 35. Qxa4 Qb1+ 36. Kg2 Qe4 37. Qd1 Kg8 38. h4 Kg7 39. Qd2 c6 40. Qc3 Qe6 41. Qd3 Qe4 42. Qc3 Qe6 43. Nd2 Qe2 44. Nf3 Qe4 45. Kf1 Qb1+ 46. Ke2 Qe4+ 47. Qe3 Qc2+ 48. Kf1 Qb1+ 49. Kg2 Qe4 50. Kg1 Qb1+ 51. Kh2 Qe4 52. Kh3 Qf5+ 53. g4 Qe4 54. g5 Be7 55. Qxe4 dxe4 56. Nd2 f5 57. f3 e3 0-1

[Event "December 19 Early 2023"]
[Site "https://www.chess.com"]
[Date "2023.12.19"]
[Round "5"]
[White "Mitrabha, Guha"]
[Black "Bluebaum, Matthias"]
[Result "1-0"]
[Board "3"]
[TimeControl "180+1"]
[WhiteFideId "5057000"]
[BlackFideId "24651516"]
[WhiteElo "2512"]
[BlackElo "2621"]
[WhiteTeam "IND"]
[BlackTeam "GER"]
[WhiteClock "0:00:23"]
[BlackClock "0:00:36"]

1. d4 d5 2. Nf3 e6 3. Bf4 c5 4. e3 Nc6 5. c3 Bd6 6. Bg3 Nge7 7. Nbd2 cxd4 8. exd4 O-O 9. Bd3 f6 10. Qc2 h6 11. Bb5 e5 12. dxe5 fxe5 13. O-O e4 14. Bxc6 Nxc6 15. Nd4 Nxd4 16. cxd4 Bxg3 17. hxg3 Be6 18. Qb3 Qf6 19. Qe3 Rac8 20. Rac1 h5 21. Nb3 b6 22. Rxc8 Rxc8 23. Rc1 Rf8 24. Rc6 Qf5 25. Nc1 Qg4 26. Ne2 Bd7 27. Rc7 Bb5 28. Nc3 Bd3 29. Nxd5 h4 30. gxh4 Qxh4 31. Ne7+ Kh7 32. d5 Rf6 33. Qh3 Qxh3 34. gxh3 a5 35. Rc6 Bb5 36. Rxf6 gxf6 37. Nc8 Kg7 38. Nxb6 Kf7 39. d6 Ke6 40. d7 Ke7 41. h4 Be2 42. Kh2 f5 43. Kg3 Kd8 44. Kf4 Bg4 45. Kg5 Kc7 46. h5 Bxh5 47. Kxh5 f4 48. Kg4 e3 49. fxe3 fxe3 50. Kf3 e2 51. Kxe2 a4 52. Nxa4 Kc6 53. d8=Q Kb5 54. Qb6+ Kxa4 55. Qb8 Ka5 56. Kd3 Ka4 57. Kc4 Ka5 58. Qb5# 1-0

[Event "December 19 Early 2023"]
[Site "https://www.chess.com"]
[Date "2023.12.19"]
[Round "5"]
[White "Popov, Konstantin"]
[Black "Keymer, Vincent"]
[Result "1-0"]
[Board "4"]
[TimeControl "180+1"]
[WhiteFideId "34137910"]
[BlackFideId "12940690"]
[WhiteElo "2340"]
[BlackElo "2629"]
[WhiteTeam "FID"]
[BlackTeam "GER"]
[WhiteClock "0:00:08"]
[BlackClock "0:00:00"]

1. e4 c6 2. d4 d5 3. e5 Bf5 4. h4 h6 5. g4 Be4 6. f3 Bh7 7. e6 Nf6 8. exf7+ Kxf7 9. f4 c5 10. g5 Ne4 11. Nf3 Nc6 12. h5 Bf5 13. Nc3 e6 14. Bb5 Nxd4 15. Ne5+ Kg8 16. Bd3 hxg5 17. fxg5 Bd6 18. Bxe4 Bxe4 19. Nxe4 Bxe5 20. Nf2 Qf8 21. c3 Bg3 22. O-O Nf5 23. Ng4 Qf7 24. g6 Qd7 25. Qe2 Rf8 26. Bf4 Bxf4 27. Rxf4 Qe7 28. Raf1 Qe8 29. Ne5 Rf6 30. Ng4 Rf8 31. Ne5 Rh6 32. Ng4 Rxh5 33. Nf6+ Rxf6 34. Qxh5 Qxg6+ 35. Qxg6 Rxg6+ 36. Kf2 Kf7 37. Rg1 Rxg1 38. Kxg1 g5 39. Rf2 b5 40. Rh2 Nh4 41. Kf2 Kf6 42. Rh1 a5 43. a4 b4 44. cxb4 cxb4 45. Rc1 d4 46. Rc5 e5 47. Rxa5 g4 48. Kg3 Kf5 49. Kxh4 d3 50. Rd5 Ke4 51. Rd8 Ke3 52. a5 1-0